cohdb
Replays
Latest Replays
All Replays
Popular Replays
Top Player Replays
Match Explorer
How It Works
Community
CoH3 Stats
Reddit
Sign in to upload your games and track your stats! →
Sign in with Steam
Match 45507982
Unlisted
Match 45507982
Overview
Messages
Build Orders
End
Scout Squad
Construct Barracks
1⁄4-ton 4x4 Truck
Selects Armored Battlegroup
Selects Veteran Crews
Riflemen Squad
Riflemen Squad
Riflemen Squad
Construct Medical Station
Grenade Package
Mechanized Support Center
Construct Motor Pool
Selects Fast Deploy
Selects M31 Recovery Vehicle
M8 Greyhound Armored Car
Engineer Squad
M1918 Browning Automatic Rifles
Designate Forward Repair Station
Riflemen Squad
Selects War Machine
Construct Tank Depot
Riflemen Squad
Selects Seek and Destroy
Selects UNKNOWN (2160077)
M4A3E8 Sherman Easy Eight
M4A3E8 Sherman Easy Eight
Improvised Armor
rice
Eilte
IronCross
Otto Karius
0
0
Comments
sign in to comment!
No comments posted yet!